 Dungeon Crawl Stone Soup version 0.22-a0-398-g8bb545f (webtiles) character file.

91 emperorscorpion the Shield-Bearer (level 4, 0/40 HPs)
             Began as a Hill Orc Fighter on May 5, 2018.
             Slain by a hound (4 damage)
             ... on level 3 of the Dungeon.
             The game lasted 00:02:38 (434 turns).

emperorscorpion the Shield-Bearer (Hill Orc Fighter) Turns: 434, Time: 00:02:39

Health: 0/40       AC: 13    Str: 24    XL:     4   Next: 59%
Magic:  4/4        EV:  6    Int:  8    God:
Gold:   74         SH: 10    Dex: 10    Spells: 3/3 levels left

rFire    . . .     SeeInvis .   a - +0 war axe
rCold    . . .     Gourm    .   c - +0 shield
rNeg     . . .     Faith    .   i - +0 chain mail {rPois}
rPois    +         Spirit   .   k - +2 helmet
rElec    .         Reflect  .   (no cloak)
rCorr    .         Harm     .   j - +0 pair of gloves
MR       .....                  (no boots)
Stlth    ..........             (no amulet)
HPRegen  0.13/turn              (no ring)
MPRegen  0.09/turn              (no ring)

@: mighty
A: no striking features
a: no special abilities


You were on level 3 of the Dungeon.
You were not hungry.

You visited 1 branch of the dungeon, and saw 3 of its levels.

You collected 74 gold pieces.

Inventory:

Hand Weapons
 a - a +0 war axe (weapon)
 b - a +2 hunting sling of flaming
Missiles
 h - 34 poisoned needles
 m - 14 sling bullets
Armour
 c - a +0 shield (worn)
 i - a +0 chain mail of poison resistance (worn)
 j - a +0 pair of gloves (worn)
 k - a +2 helmet (worn)
 l - a +0 scale mail
Scrolls
 n - a scroll of fear
Comestibles
 f - 4 rations
 g - 20 chunks of flesh


   Skills:
 + Level 4.1 Fighting
 + Level 3.8 Axes
 + Level 0.5 Slings
 + Level 3.8 Armour
 + Level 0.2 Dodging
 + Level 4.2 Shields


You had 3 spell levels left.
You didn't know any spells.

Dungeon Overview and Level Annotations

Branches:
Dungeon (3/15)

Altars:

Annotations:
D:2 Sigmund


Message History

You slide downwards.
The hatch slams shut behind you.
A bat, a hound, a worm, an ice beast and a kobold come into view.
The kobold shouts!
The hound barks!
Found 39 stones and 12 bolts.
You feel very mighty all of a sudden. The hound bites you but does no damage.
The adder bites you but does no damage. The bat hits you but does no damage.
Unknown command.
The hound bites you but does no damage. The bat hits you but does no damage.
The hound completely misses you.
Unknown command.
The bat hits you but does no damage.
You closely miss the adder.
Your shield prevents you from hitting the ice beast.
You miss the bat. You miss the hound.
You feel less confused. The bat hits you but does no damage.
The adder barely misses you. The hound bites you but does no damage.
You block the adder's attack. The hound bites you.
You die...

...........(...
.....≈..≈.......#
.....(..........+
.....(..........+
.....≈K.≈....w..#
................#
..........b.....#
........h......#
........S@Y...#
#............##
##..........##
##......(.##
##########


You could see an ice beast, a worm, a hound, an adder, a bat and a kobold.

Vanquished Creatures
  Robin (D:2)
  4 adders
  An ooze (D:1)
  A dart slug (D:1)
  5 bats
  9 goblins
  7 hobgoblins
  2 kobolds (D:1)
  3 frilled lizards
  6 rats
39 creatures vanquished.

Notes
Turn   | Place    | Note
-------+----------+-------------------------------------------
     0 | D:1      | emperorscorpion the Hill Orc Fighter began the quest for the Orb.
     0 | D:1      | Reached XP level 1. HP: 19/19 MP: 1/1
   120 | D:1      | Reached XP level 2. HP: 23/27 MP: 2/2
   235 | D:2      | Reached XP level 3. HP: 23/33 MP: 3/3
   281 | D:2      | Noticed Robin
   289 | D:2      | Reached XP level 4. HP: 20/40 MP: 4/4
   296 | D:2      | Killed Robin
   403 | D:2      | Noticed Sigmund
   430 | D:3      | Noticed an ice beast
   434 | D:3      | Slain by a hound

Vault maps used:
D:1:      saegor_arrival_simple_e
D:2:      uniq_sigmund, uniq_robin
D:3:      kennysheep_big_flooded_room, chequers_ecumenical_altar_simple,
          serial_glass, glass_columns_c, glass_columns_a, glass_columns_a,
          glass_columns_c, kennysheep_generic_room_14

Skill      XL: |  1  2  3 |
---------------+----------+-----
Axes           | 3 |  3.8
Fighting       | 4 |  4.1
Shields        | 4 |  4.2
Slings         | |  0.5
Armour         | |  3.8
Dodging        | |  0.2

Action                   |  1- 3 |  4- 6 || total
-------------------------+-------+-------++-------
Melee: War axe           |    83 |    32 ||   115
 Fire: Hunting sling     |       |     4 ||     4
  Use: Scroll            |       |     3 ||     3
       Potion            |       |     1 ||     1
Armor: Scale mail        |    27 |       ||    27
       Chain mail        |    42 |    37 ||    79
Dodge: Dodged            |    23 |    15 ||    38
Block: Shield            |    50 |    38 ||    88

Table legend:
 A = Spawn XP
 B = Non-spawn XP
 C = Spawn XP percentage of total XP
 D = Spawn monster count
 E = Non-spawn monster count
 F = Spawn count percentage of total count
 G = Total turns spent on level
                    A         B        C        D         E        F      G
               +---------+---------+-------+---------+---------+-------+---------
         Total |       0 |     131 |   0.0 |       0 |      39 |   0.0 |   434
               +---------+---------+-------+---------+---------+-------+---------
           D:1 |       0 |      46 |   0.0 |       0 |      18 |   0.0 |   237
           D:2 |       0 |      85 |   0.0 |       0 |      21 |   0.0 |   193
               +---------+---------+-------+---------+---------+-------+---------
